 Dungeon Sprint DCSS version 0.20-a0-640-g62ed22f (webtiles) character file.

674 esc the Fighter (level 7, -9/45 HPs)
             Began as a Gargoyle Berserker on Feb 12, 2017.
             Was a Priest of Trog.
             Mangled by a tyrant leech (13 damage)
             ... in the Dungeon (Sprint II: "The Violet Keep of Menkaure").
             The game lasted 00:01:34 (395 turns).

esc the Fighter (Gargoyle Berserker)                 Turns: 395, Time: 00:01:35

Health: -9/45      AC:  7    Str: 23    XL:     7   Next: 59%
Magic:  6/6        EV: 15    Int:  7    God:    Trog [***...]
Gold:   729        SH:  0    Dex:  9    Spells: 6/6 levels left

rFire    . . .     SeeInvis .   a - +0 mace
rCold    . . .     Gourm    .   b - +0 animal skin
rNeg     + . .     Faith    .   (no shield)
rPois    ∞         Spirit   .   (no helmet)
rElec    +         Reflect  .   (no cloak)
rCorr    .         Harm     .   (no gloves)
MR       .....     NoTele   +   (no boots)
Stlth    +.........             (no amulet)
Regen    0.2/turn               (no ring)
MPRegen  0.1/turn               (no ring)

@: exhausted, slowed, very slow
A: frail 1, low mp 1, negative energy resistance 1, electricity resistance,
unbreathing, petrification resistance, rot immunity, AC +4
a: Berserk, Trog's Hand, Burn Spellbooks, Renounce Religion


You were in the Dungeon.
You worshipped Trog.
Trog was most pleased with you.
You were not hungry.

You visited 1 branch You collected 729 gold pieces.

Inventory:

Hand Weapons
 a - a +0 mace (weapon)
Armour
 b - a +0 animal skin (worn)
Scrolls
 i - a scroll of blinking {!r}
Potions
 d - a potion of curing
 f - a potion of haste
 g - 2 potions of magic
 h - a potion of berserk rage {!q}


   Skills:
 + Level 9.5 Fighting
 + Level 8.6 Maces & Flails
 + Level 9.1 Armour
 + Level 6.8 Dodging


You had 6 spell levels left.
You didn't know any spells.

Dungeon Overview and Level Annotations

Branches:
Dungeon (1/1)

Altars:


Innate Abilities, Weirdness & Mutations

You are resistant to torment.
Your stone body is resilient. (AC +4)
You are immune to poison.
You resist negative energy. (rN+)
You are resistant to electric shocks. (rElec)
You can survive without breathing.
You are immune to petrification.
You are immune to rotting.
You are frail. (-10% HP)
Your magical capacity is low. (-10% MP)


Message History

There is an open door here.
Things that are here:
a necrophage corpse x2
You now have 36/40 hp.
You hit the necrophage but do no damage.
The necrophage hits you.
You feel terrible. The necrophage closely misses you.
You take 5 damage, and have 31/40 hp.
You hit the necrophage.
The necrophage hits you but does no damage.
You sock the necrophage! The necrophage closely misses you.
The necrophage barely misses you.
You barely miss the necrophage. The necrophage barely misses you.
You sock the necrophage!
You destroy the necrophage!
Trog accepts your kill.
Your Maces & Flails skill increases to level 8!
You have reached level 7!
You regained 4 hp, and now have 36/45 hp.
MP restored: 6
Okay, then.
You now have 729 gold pieces (gained 243).
There is an open door here.
Things that are here:
a necrophage corpse x2
You butcher the necrophage corpse.
There is an open door here.
Things that are here:
4 inedible chunks of flesh {@w0}; a necrophage skeleton; a necrophage corpse You butcher the necrophage corpse.
There is an open door here.
Items here: %% ÷÷ 4 inedible chunks of flesh {@w0}; a necrophage skeleton 4 inedible chunks of flesh {@w0}; a necrophage skeleton There isn't anything to butcher here.
There isn't anything to butcher here.
You start resting.
You feel yourself speed up.
You regained 5 hp, and now have 42/45 hp.
You start resting.
You feel less exhausted.
Health restored: 45 You eat the bread ration {@e1}.
That bread ration really hit the spot!
There is an open door here.
Items here: %% ÷÷ 4 inedible chunks of flesh {@w0}; a necrophage skeleton 4 inedible chunks of flesh {@w0}; a necrophage skeleton
There is a staircase leading out of the dungeon here.
You open the door.
A red film seems to cover your vision as you go berserk!
You feel yourself moving faster!
You feel mighty!
You feel a lot more hungry.
You now have 67/67 hp.
You barely miss the tyrant leech.
You hit the tyrant leech but do no damage.
The tyrant leech bites you but does no damage.
You sock the tyrant leech! You miss the tyrant leech.
The tyrant leech bites you.
You take 1 damage, and have 66/67 hp.
You miss the tyrant leech. The tyrant leech bites you!
You take 17 damage, and have 49/67 hp.
MASSIVE DAMAGE!!
You closely miss the tyrant leech. You bludgeon the tyrant leech!!
The tyrant leech bites you!
You take 12 damage, and have 38/67 hp.
You bludgeon the tyrant leech!!
You kill the tyrant leech!
Trog accepts your kill.
Your Fighting skill increases to level 9!
Your Armour skill increases to level 9!
You bludgeon the tyrant leech!! You closely miss the tyrant leech.
The tyrant leech closely misses you.
You closely miss the tyrant leech.
The tyrant leech bites you but does no damage.
You miss the tyrant leech. You hit the tyrant leech.
The tyrant leech bites you!
You take 13 damage, and have 25/67 hp.
You closely miss the tyrant leech. You sock the tyrant leech!
The tyrant leech bites you!!
* * * LOW HITPOINT WARNING * * *
You take 19 damage, and have 7/67 hp.
MASSIVE DAMAGE!!
You are too berserk!
You are too injured to fight recklessly!
You miss the tyrant leech. You bludgeon the tyrant leech!!
You hit the tyrant leech but do no damage.
The tyrant leech bites you.
* * * LOW HITPOINT WARNING * * *
You take 6 damage, and have 1/67 hp.
You barely miss the tyrant leech.
You are no longer berserk.
You are exhausted.
You feel yourself slow down.
You now have 1/45 hp.
You feel much better. The tyrant leech closely misses you.
The tyrant leech bites you!
* * * LOW HITPOINT WARNING * * *
You regained 2 hp, and now have 3/45 hp.
You barely miss the tyrant leech. The tyrant leech closely misses you.
You sock the tyrant leech! The tyrant leech bites you!
You die...

#+## ###..##
#.##..# #
##.#.#### ##.
##'###.##
#...##.##...#
#w@<.%.#
#$..##.##...#
##. #'###.##
# ####.####
#..##.#
#...## ##+##
≈≈≈ #'''#


You could see a tyrant leech.

Vanquished Creatures
  A tyrant leech (D)
  A neqoxec (D)
  4 necrophages (D)
  3 worms (D)
9 creatures vanquished.

Vanquished Creatures (others)
  3 neqoxecs (D)
  A crocodile (D)
4 creatures vanquished.

Grand Total: 13 creatures vanquished

Notes
Turn   | Place    | Note
-------+----------+-------------------------------------------
     0 | D        | esc the Gargoyle Berserker began the quest for the Orb.
     0 | D        | Reached XP level 1. HP: 14/14 MP: 1/1
     9 | D        | Reached skill level 4 in Fighting
     9 | D        | Reached skill level 2 in Dodging
     9 | D        | Reached XP level 2. HP: 20/20 MP: 2/2
    11 | D        | Reached ** piety under Trog
    11 | D        | Reached skill level 3 in Armour
    21 | D        | Killed a crocodile
    62 | D        | Noticed a tyrant leech
    62 | D        | Noticed a tyrant leech
    65 | D        | Noticed a neqoxec
    73 | D        | Gained mutation: Your magical capacity is low. (-10% MP) [a neqoxec]
    76 | D        | Gained mutation: You are frail. (-10% HP) [a neqoxec]
    82 | D        | Killed a neqoxec
    82 | D        | Reached skill level 6 in Fighting
    82 | D        | Reached skill level 5 in Maces & Flails
    82 | D        | Reached skill level 5 in Armour
    82 | D        | Reached skill level 4 in Dodging
    82 | D        | Reached XP level 3. HP: 7/25 MP: 2/2
    82 | D        | Reached XP level 4. HP: 8/28 MP: 3/3
    82 | D        | Reached XP level 5. HP: 9/33 MP: 4/4
    84 | D        | Killed a neqoxec
    84 | D        | Killed a neqoxec
    95 | D        | Killed a neqoxec
   298 | D        | Noticed a necrophage
   298 | D        | Noticed a necrophage
   298 | D        | Noticed a necrophage
   298 | D        | Noticed a necrophage
   303 | D        | Killed a necrophage
   303 | D        | Reached skill level 7 in Fighting
   303 | D        | Reached skill level 6 in Maces & Flails
   303 | D        | Reached skill level 6 in Armour
   303 | D        | Reached skill level 5 in Dodging
   303 | D        | Reached XP level 6. HP: 39/39 MP: 5/5
   309 | D        | Killed a necrophage
   309 | D        | Reached skill level 8 in Fighting
   309 | D        | Reached skill level 7 in Maces & Flails
   309 | D        | Reached skill level 7 in Armour
   316 | D        | Killed a necrophage
   316 | D        | Reached *** piety under Trog
   316 | D        | Reached skill level 8 in Armour
   316 | D        | Reached skill level 6 in Dodging
   322 | D        | Killed a necrophage
   322 | D        | Reached skill level 8 in Maces & Flails
   322 | D        | Reached XP level 7. HP: 36/45 MP: 6/6
   381 | D        | Killed a tyrant leech
   381 | D        | Reached skill level 9 in Fighting
   381 | D        | Reached skill level 9 in Armour
   388 | D        | HP: 7/67 [tyrant leech (19)]
   391 | D        | HP: 1/67 [tyrant leech (6)]
   395 | D        | Mangled by a tyrant leech

Vault maps used:
D:        the_violet_keep_of_menkaure

Skill      XL: |  1  2  3  4  5  6  7 |
---------------+----------------------+-----
Fighting       | 4 6 7 8 9 |  9.5
Dodging        | 2 4 5 6 |  6.8
Armour         | 5 6 8 9 |  9.1
Maces & Flails | 5 6 8 |  8.6

Action                   |  1- 3 |  4- 6 |  7- 9 || total
-------------------------+-------+-------+-------++-------
Melee: Mace              |    22 |    22 |    21 ||    65
Invok: Berserk           |     2 |     1 |     1 ||     4
  Use: Potion            |       |       |     1 ||     1
  Eat: Bread ration      |       |       |     1 ||     1
Armor: Animal skin       |       |     4 |     2 ||     6
Dodge: Dodged            |     5 |     8 |     3 ||    16

Vault maps used:
D:        the_violet_keep_of_menkaure

Table legend:
 A = Turns spent in this place as a percentage of turns spent in the entire game.
 B = Non-inter-level travel turns spent in this place as a percentage of non-inter-level travel turns spent in the entire game.
 C = Inter-level travel turns spent in this place as a percentage of turns spent in this place.
 D = Turns resting spent in this place as a percentage of non-inter-level travel turns spent in this place.
 E = Turns spent auto-exploring this place as a percentage of non-inter-level travel turns spent in this place.
 F = Non-inter-level travel turns spent in this place divided by the number of levels of this place that you've seen.
                   A       B       C       D       E      F
               +-------+-------+-------+-------+-------+----------------------
         Total | 100.0 | 100.0 |   0.0 |   6.9 |   0.0 | 144.0
       Dungeon | 100.0 | 100.0 |   0.0 |   6.9 |   0.0 | 144.0
               +-------+-------+-------+-------+-------+----------------------

Table legend:
 A = Kills in this place as a percentage of kills in entire the game.
 B = Kills by you in this place as a percentage of kills by you in the entire game.
 C = Kills by friends in this place as a percentage of kills by friends in the entire game.
 D = Other kills in this place as a percentage of other kills in the entire game.
 E = Experience gained in this place as a percentage of experience gained in the entire game.
 F = Experience gained in this place divided by the number of levels of this place that you have seen.
                   A       B       C       D       E      F
               +-------+-------+-------+-------+-------+----------------------
         Total | 100.0 | 100.0 |  -nan |  -nan | 100.0 | 963.0
       Dungeon | 100.0 | 100.0 |  -nan |  -nan | 100.0 | 963.0
               +-------+-------+-------+-------+-------+----------------------
